 Dungeon Crawl Stone Soup version 0.15-a0-1549-gb42009b (webtiles) character file.

1027 Herrn the Insei (level 8, -3/61 HPs)
             Began as a Demonspawn Monk on June 17, 2014.
             Slain by a hippogriff (4 damage)
             ... on Level 5 of the Dungeon.
             The game lasted 00:21:58 (4703 turns).

Herrn the Insei (Demonspawn Monk)                   Turns: 4703, Time: 00:21:58

HP  -3/61        AC  9     Str 11      XL: 8   Next:  3%
MP   8/8         EV 15     Int 11      God:
Gold 172         SH  4     Dex 19      Spells:  0 memorised,  7 levels left

rFire  . . .     SeeInvis .       - Unarmed
rCold  . . .     Clarity  .     u - +2 robe
rNeg   . . .     rCorr    .     r - +0 buckler
rPois  .         rRot     .     k - +0 helmet
rElec  .         Spirit   .     (no cloak)
SustAb .         Warding  .     e - +0 pair of gloves
rMut   +         Stasis   .     (no boots)
Gourm  .                        q - amulet of resist mutation
MR     .....                    (no ring)
                                a - ring of invisibility

@: not resistant to hostile enchantments, unstealthy
A: slimy green scales 2, powered by death 1, powered by pain 1
a: Evoke Invisibility


You were on level 5 of the Dungeon.
You were not hungry.

You visited 1 branch of the dungeon, and saw 5 of its levels.

You collected 172 gold pieces.

Inventory:

Armour
 e - a +0 pair of gloves (worn)
 k - a +0 helmet (worn)
 r - a +0 buckler (worn)
 u - a +2 robe (worn)
 w - a +0 pair of gloves
Magical devices
 f - a wand of slowing (1)
Comestibles
 b - 5 bread rations
 j - a meat ration
 t - a rotting chunk of worker ant flesh
 v - a slice of pizza
 x - a chunk of adder flesh
 B - 6 chunks of centaur flesh
Scrolls
 c - a scroll of fog {unknown}
 d - 5 scrolls of teleportation
 h - a scroll of identify
 i - 2 scrolls of noise
 l - 3 scrolls of remove curse {unknown}
 m - a scroll of amnesia
 n - 2 scrolls of enchant weapon {unknown}
 o - a scroll of enchant armour {unknown}
 y - a scroll of immolation {unknown}
 z - a scroll of blinking {unknown}
 A - a scroll of magic mapping {unknown}
Jewellery
 a - a ring of invisibility (left hand)
 q - an amulet of resist mutation (around neck)
Potions
 g - a potion of curing
 p - a potion of heal wounds
 s - a potion of cure mutation


   Skills:
 + Level 4.6 Fighting
 + Level 5.6 Dodging
 - Level 1.7 Stealth
 * Level 1.3 Shields
 * Level 6.8 Unarmed Combat


You had 7 spell levels left.
You didn't know any spells.

Dungeon Overview and Level Annotations

Branches:
Dungeon (5/15)
 Temple: D:4-7

Altars:
Gozag
Nemelex Xobeh
Vehumet
The Shining One


Innate Abilities, Weirdness & Mutations

You are mostly covered in slimy green scales (AC +3).
You can steal the life force of nearby defeated enemies.
You sometimes gain a little power by taking damage.


Message History

You hit the hippogriff but do no damage.
The hippogriff is almost dead.
The hippogriff misses you. x3
You hit the hippogriff.
The hippogriff is almost dead.
You barely miss the hippogriff.
The hippogriff is almost dead.
The hippogriff closely misses you.
The hippogriff pecks you but does no damage.
The hippogriff closely misses you.
The hippogriff bites you but does no damage.
The hippogriff pecks you but does no damage.
The hippogriff claws you.
* * * LOW HITPOINT WARNING * * *
You hit the hippogriff but do no damage.
The hippogriff is almost dead.
The hippogriff bites you.
* * * LOW HITPOINT WARNING * * *
The hippogriff pecks you.
You die...

# ##.# #.#
...#.....
##.##..#### #.# .
##.... #.........#
#.....
....###...#.##
........ #
#.#....# #
......>.
#..#....###.####.
........
...###.....#......
....... ...#
##....H...# ...###
#..# ##..@#.#.# .#
.##.....'#..# #
......##...#
.._... ###...#
...... .### ....#
# ..##


You could see a hippogriff.

Vanquished Creatures
  The ghost of trueninja the Ruffian, an average CeGl (D:5)
  2 centaurs (D:5)
  An ogre (D:5)
  Sigmund (D:3)
  The ghost of soonmide the Stinger, an average TeVM (D:3)
  A giant frog (D:5)
  5 hounds
  2 orc wizards (D:3)
  2 worker ants
  6 adders
  A worm (D:3)
  4 giant geckos
  12 orcs
  3 ball pythons
  8 goblins
  8 hobgoblins
  7 jackals (D:2)
  14 kobolds
  3 quokkas (D:2)
  12 bats
  3 giant cockroaches
  4 giant newts
  A goblin skeleton (D:4)
  A hobgoblin skeleton (D:4)
  An orc skeleton (D:4)
  9 rats
113 creatures vanquished.

Notes
Turn   | Place    | Note
--------------------------------------------------------------
     0 | D:1      | Herrn, the Demonspawn Monk, began the quest for the Orb.
     0 | D:1      | Reached XP level 1. HP: 18/18 MP: 1/1
   382 | D:1      | Gained mutation: You are partially covered in slimy green scales (AC +2). [demonic ancestry]
   382 | D:1      | Reached XP level 2. HP: 24/24 MP: 2/2
   536 | D:1      | Reached skill level 4 in Unarmed Combat
   966 | D:2      | Gained mutation: You can steal the life force of nearby defeated enemies. [demonic ancestry]
   966 | D:2      | Reached XP level 3. HP: 22/29 MP: 3/3
  1688 | D:2      | Reached XP level 4. HP: 32/35 MP: 4/4
  2043 | D:3      | Noticed soonmide's ghost (average TeVM)
  2059 | D:3      | Killed soonmide's ghost
  2059 | D:3      | Reached XP level 5. HP: 15/41 MP: 5/5
  2468 | D:3      | Found an opulent altar of Gozag.
  2544 | D:3      | Noticed Sigmund
  2630 | D:3      | Killed Sigmund
  2630 | D:3      | Reached skill level 5 in Unarmed Combat
  2704 | D:3      | Gained mutation: You sometimes gain a little power by taking damage. [demonic ancestry]
  2704 | D:3      | Reached XP level 6. HP: 32/48 MP: 6/6
  2885 | D:3      | Found a radiant altar of Vehumet.
  3844 | D:4      | Found a sparkling altar of Nemelex Xobeh.
  4072 | D:5      | Entered Level 5 of the Dungeon
  4088 | D:5      | Noticed trueninja's ghost (average CeGl)
  4125 | D:5      | Killed trueninja's ghost
  4125 | D:5      | Reached skill level 5 in Dodging
  4125 | D:5      | Reached skill level 6 in Unarmed Combat
  4125 | D:5      | Gained mutation: You are mostly covered in slimy green scales (AC +3). [demonic ancestry]
  4125 | D:5      | Reached XP level 7. HP: 28/55 MP: 7/7
  4574 | D:5      | Reached skill level 1 in Shields
  4668 | D:5      | Reached XP level 8. HP: 52/61 MP: 8/8
  4678 | D:5      | Noticed a hippogriff
  4679 | D:5      | Found a glowing golden altar of the Shining One.
  4703 | D:5      | HP: 1/61 [hippogriff (6)]
  4703 | D:5      | Slain by a hippogriff

Action                   |  1- 3 |  4- 6 |  7- 9 || total
-------------------------+-------+-------+-------++-------
Melee: Unarmed           |   203 |   280 |    95 ||   578
  Use: Potion            |       |     7 |       ||     7
       Scroll            |       |     4 |     1 ||     5
 Stab: Sleeping          |       |     6 |     1 ||     7
